 Dungeon Crawl Stone Soup version 0.26.1-11-gd32895ea62 (webtiles) character file.

Game seed: 15754067683220630247

1179 Almogavar the Slinger (level 8, -7/54 HPs)
             Began as a Halfling Hunter on May 24, 2021.
             Was an Initiate of Nemelex Xobeh.
             Shot with an arrow by a centaur (15 damage)
             ... on level 6 of the Dungeon.
             The game lasted 00:14:55 (5849 turns).

Almogavar the Slinger (Halfling Hunter)             Turns: 5849, Time: 00:14:55

Health: -7/54      AC:  4    Str: 13    XL:     8   Next: 69%
Magic:  8/8        EV: 15    Int:  9    God:    Nemelex Xobeh [......]
Gold:   281        SH:  0    Dex: 17    Spells: 7/7 levels left

rFire    . . .     SeeInvis .   a - +1 hunting sling
rCold    . . .     Faith    .   (shield restricted)
rNeg     . . .     Spirit   .   c - +0 leather armour
rPois    .         Reflect  .   (no helmet)
rElec    .         Harm     .   (no cloak)
rCorr    +         Rampage  .   B - +0 pair of gloves
Will     .....                  (no boots)
Stlth    ++........             o - amulet of magic regeneration
HPRegen  0.18/turn              s - ring of resist corrosion
MPRegen  0.36/turn              G - ring of wizardry

@: no status effects
A: small, mutation resistance 1
a: Renounce Religion, Draw Escape, Draw Destruction, Draw Summoning


You were on level 6 of the Dungeon.
You worshipped Nemelex Xobeh.
Nemelex Xobeh was noncommittal.
You visited 2 branches of the dungeon, and saw 7 of its levels.

You collected 281 gold pieces.

Inventory:

Hand Weapons
 a - a +1 hunting sling (weapon)
 r - a +1 dagger of holy wrath
 z - a +0 dagger of draining
Missiles
 d - 102 sling bullets
 e - 84 stones (quivered ammo)
Armour
 c - a +0 leather armour (worn)
 j - a +0 robe of the Archmagi
 B - a +0 pair of gloves (worn)
 D - a +0 ring mail
Jewellery
 o - an amulet of magic regeneration (around neck)
 s - a ring of resist corrosion (left hand)
 A - an uncursed ring of willpower
 G - a ring of wizardry (right hand)
Wands
 q - a wand of disintegration (7)
 E - a wand of flame (7)
Scrolls
 g - a scroll of enchant armour
 m - 2 scrolls of remove curse
 n - a scroll of fear
 p - a scroll of fog {unknown}
 w - a scroll of amnesia
Potions
 b - a potion of berserk rage
 f - 3 potions of flight
 h - a potion of brilliance
 k - 2 potions of invisibility
 l - a potion of degeneration {unknown}
 t - a potion of attraction {unknown}
 u - 3 potions of curing {unknown}
 v - a potion of resistance {unknown}
 C - 2 potions of magic {unknown}
 F - a potion of cancellation {unknown}


   Skills:
 + Level 4.8 Fighting
 + Level 11.9 Slings
 + Level 3.0 Armour
 + Level 2.9 Dodging
 + Level 1.4 Stealth


You had 7 spell levels left.
You didn't know any spells.
Your spell library contained the following spells:

 Spells                   Type           Power        Failure   Level
 Animate Skeleton         Necr           0%           21%         1
 Apportation              Tloc           0%           21%         1
 Corona                   Hex            0%           21%         1
 Magic Dart               Conj           0%           21%         1
 Summon Small Mammal      Summ           0%           21%         1
 Ensorcelled Hibernation  Hex/Ice        0%           30%         2
 Searing Ray              Conj           0%           30%         2
 Confusing Touch          Hex            0%           50%         3
 Dazzling Flash           Conj/Hex       0%           50%         3
 Tukima's Dance           Hex            0%           50%         3
 Fulminant Prism          Conj/Hex       0%           87%         4
 Iskenderun's Mystic Bla  Conj/Tloc      0%           87%         4


Dungeon Overview and Level Annotations

Branches:
Dungeon (6/15)             Temple (1/1) D:6

Altars:
Ashenzari
Cheibriados
Elyvilon
Fedhas
Gozag
Hepliaklqana
Kikubaaqudgha
Nemelex Xobeh
Okawaru
Qazlal
Ru
Sif Muna
Xom
Yredelemnul
Zin
The Shining One

Shops:
D:5 *

Annotations:
D:4 2 transporters


Innate Abilities, Weirdness & Mutations

You are small and have problems with some larger weapons.
You are somewhat resistant to further mutation.


Message History

The centaur shoots an arrow.
The arrow closely misses you.
You hear the slow hiss of a distant avalanche of sand.
The centaur shoots an arrow.
The arrow misses you.
The centaur shoots an arrow.
The arrow misses you.
The centaur shoots an arrow.
The arrow hits you!
* * * LOW HITPOINT WARNING * * *
You see here an arrow.
An iguana comes into view.
The sky beast flickers out of sight!
Deactivating autopickup; reactivate with Ctrl-A.
The centaur shoots an arrow.
You see here 3 arrows.
A centaur comes into view.
The centaur shouts!
The centaur wields a cursed +0 shortbow.
The centaur shoots an arrow.
The arrow hits you!
* * * LOW HITPOINT WARNING * * *
The centaur shoots an arrow.
The arrow hits you!
You die...
Your body disappears without a glow.

##+###..Z(..........#
#.....(.........#
#......o......l.#
###+###.c.##....#
...##...##....#
#......Z.##....#
....c....n.....#
...............#
#...#######@...#
######...##....#
#....###+###
#....##....#
#..........#
#....<ยง....#
#..........#
#..........#
############


You could see a necrophage, 2 centaurs, an iguana (asleep), an orc and a worker
ant zombie.

Vanquished Creatures
  Pikel (D:4)
  2 ogres
  A water moccasin zombie (D:5)
  2 jellies (D:5)
  3 orc wizards
  2 orc priests
  2 worker ants (D:5)
  2 hound zombies (D:5)
  A howler monkey zombie (D:5)
  6 adders
  3 gnolls (D:2)
  A shadow imp (D:6)
  An ufetubus (D:5)
  3 worms
  3 dart slugs
  A leopard gecko (D:2)
  16 orcs
  A bat skeleton (D:2)
  A bat zombie (D:2)
  6 giant cockroaches
  11 goblins
  10 hobgoblins
  7 jackals
  8 kobolds
  A quokka (D:4)
  2 ball pythons (D:3)
  7 bats
  A frilled lizard (D:2)
  A giant cockroach zombie (D:2)
  A leopard gecko skeleton (D:2)
  A quokka skeleton (D:2)
  A quokka zombie (D:2)
  3 rats
112 creatures vanquished.

Vanquished Creatures (others)
  2 withered plants (D:2)
2 creatures vanquished.

Grand Total: 114 creatures vanquished

Notes
Turn   | Place    | Note
-------+----------+-------------------------------------------
     0 | D:1      | Almogavar the Halfling Hunter began the quest for the Orb.
     0 | D:1      | Reached XP level 1. HP: 14/14 MP: 1/1
    50 | D:1      | Reached skill level 6 in Slings
    91 | D:1      | Reached XP level 2. HP: 19/19 MP: 2/2
   231 | D:1      | Reached XP level 3. HP: 24/24 MP: 3/3
   290 | D:1      | Reached skill level 7 in Slings
   795 | D:2      | Found a snail-covered altar of Cheibriados.
   956 | D:2      | Reached XP level 4. HP: 21/29 MP: 4/4
  1888 | D:2      | Reached XP level 5. HP: 36/36 MP: 5/5
  2157 | D:3      | Reached skill level 8 in Slings
  2356 | D:3      | Reached skill level 1 in Armour
  2667 | D:3      | Reached XP level 6. HP: 42/42 MP: 6/6
  3038 | D:4      | Noticed Pikel
  3814 | D:4      | Noticed an ogre
  3822 | D:4      | Killed an ogre
  3823 | D:4      | Reached skill level 9 in Slings
  4074 | D:4      | Reached XP level 7. HP: 39/46 MP: 7/7
  4119 | D:4      | Found a glowing silver altar of Zin.
  4169 | D:4      | Found a transporter.
  4175 | D:4      | Found a transporter.
  4176 | D:4      | Noticed a two-headed ogre
  4184 | D:4      | Found a sacrificial altar of Ru.
  4628 | D:4      | Killed Pikel
  4629 | D:4      | Reached skill level 11 in Slings
  4629 | D:4      | Reached XP level 8. HP: 26/54 MP: 8/8
  4959 | D:5      | Entered Level 5 of the Dungeon
  5233 | D:5      | Found Ahycver's Assorted Antiques.
  5640 | D:5      | Found a white marble altar of Elyvilon.
  5693 | D:6      | Found a staircase to the Ecumenical Temple.
  5716 | Temple   | Entered the Ecumenical Temple
  5723 | Temple   | Became a worshipper of Nemelex Xobeh the Trickster
  5813 | D:6      | HP: 1/54 [centaur/arrow (5)]
  5849 | D:6      | Shot with an arrow by a centaur

Illustrated notes

Levels and vault maps discovered:
D:1:      moated_graveyard_arrival, layout_rooms, minmay_statues_item
D:2:      layout_loops_ring, lemuel_doored_altar, serial_undead,
          serial_undead_a, serial_undead_f, serial_undead_a, serial_undead_b,
          serial_undead_f, serial_undead_c
D:3:      layout_rooms
D:4:      layout_basic, gammafunk_temple_overflow_arena, zin_academy,
          serial_bayou_pond_e, uniq_pikel
D:5:      layout_basic, kennysheep_little_box, serial_shops,
          nicolae_shop_statue_plus
D:6:      layout_gridville, minmay_temple_entry_wispy, enter_ossuary_4,
          kennysheep_generic_room_15
Temple:   nicolae_temple_no_exploring_needed

Skill      XL: |  1  2  3  4  5  6  7  8 |
---------------+-------------------------+-----
Slings         | 6 7 8 9 11 | 11.9
Fighting       | 2 3 4 |  4.8
Armour         | 1 2 3 |  3.0
Dodging        | |  2.9
Stealth        | |  1.4

Action                   |  1- 3 |  4- 6 |  7- 9 || total
-------------------------+-------+-------+-------++-------
Melee: Dagger            |       |     3 |     1 ||     4
 Fire: Hunting sling     |   116 |   195 |   164 ||   475
  Use: Scroll            |     2 |     1 |    12 ||    15
       Potion            |       |       |     1 ||     1
Armor: Leather armour    |    10 |     7 |     5 ||    22
Dodge: Dodged            |    30 |    41 |    53 ||   124
